 Dungeon Crawl Stone Soup version 0.27.0-1-g7a089689b8 (webtiles) character file.

Game seed: 8002293613466138153

199109 gimp the Warrior (level 18, 0/178 HPs)
             Began as a Minotaur Artificer on July 31, 2021.
             Was the Champion of Trog.
             Succumbed to a naga ritualist's toxic radiance
             ... on level 4 of the Snake Pit on Aug 1, 2021.
             The game lasted 01:17:34 (31761 turns).

gimp the Warrior (Minotaur Artificer)              Turns: 31761, Time: 01:17:35

Health: 0/178      AC: 32    Str: 28    XL:     18   Next: 23%
Magic:  17/17      EV: 15    Int:  6    God:    Trog [******]
Gold:   2515       SH: 15    Dex: 12    Spells: 17/17 levels left

rFire    + + +     SeeInvis .   a - +8 mithril axe "Arga" {speed, Will+}
rCold    + . .     Faith    .   p - +1 kite shield {rC+}
rNeg     . . .     Spirit   .   R - +2 chain mail {Will+}
rPois    x         Reflect  .   N - +1 hat
rElec    .         Harm     .   F - +1 cloak {rCorr}
rCorr    +         Rampage  +   B - +2 pair of gloves {Stlth+}
Will     +++++                  L - +2 pair of boots {rampage}
Stlth    ..........             W - amulet of regeneration
HPRegen  2.39/turn              i - +4 ring of evasion
MPRegen  0.15/turn              D - ring of Qazlal's Esteem {rF+++ AC+4 Str+4 Int-2}

@: lethally poisoned (0 -> -1), strong-willed, poison vulnerable, on berserk
cooldown, regenerating, slowed, very slow
A: horns 2, retaliatory headbutt
a: Renounce Religion, Berserk, Trog's Hand, Brothers in Arms


You were on level 4 of the Snake Pit.
You worshipped Trog.
Trog was exalted by your worship.
You visited 5 branches of the dungeon, and saw 28 of its levels.
You visited the Abyss 1 time.
You also visited: Gauntlet, Ice Cave and Volcano.

You collected 2956 gold pieces.
You spent 441 gold pieces at shops.

Inventory:

Hand Weapons
 a - the +8 mithril axe "Arga" (weapon) {speed, Will+}
   (You found it on level 14 of the Dungeon)

   Attacks with this weapon are significantly faster.
   Will:      It increases your willpower.
 b - a +4 vampiric broad axe
Missiles
 r - 15 curare-tipped darts (quivered)
 I - 21 javelins
 Y - 7 silver javelins
Armour
 p - a +1 kite shield of cold resistance (worn)
 B - a +2 pair of gloves of stealth (worn)
 F - a +1 cloak of preservation (worn)
 L - a +2 pair of boots of rampaging (worn)
 M - a +2 scale mail of poison resistance
 N - a +1 hat (worn)
 R - a +2 chain mail of willpower (worn)
Jewellery
 i - a +4 ring of evasion (left hand)
 D - the ring of Qazlal's Esteem (right hand) {rF+++ AC+4 Str+4 Int-2}
   (You found it in a Gauntlet)

   [ring of protection]

   AC:        It affects your AC (+4).
   Str:       It affects your strength (+4).
   Int:       It affects your intelligence (-2).
   rF:        It renders you almost immune to fire.
 G - a ring of protection from cold
 W - an amulet of regeneration (around neck)
 X - a ring of resist corrosion
Wands
 c - a wand of flame (39)
 s - a wand of mindburst (12)
 t - a wand of iceblast (46)
 y - a wand of digging (8)
 T - a wand of paralysis (12)
 V - a wand of acid (32)
Scrolls
 d - 2 scrolls of enchant weapon {unknown}
 g - 2 scrolls of identify {unknown}
 l - a scroll of summoning {unknown}
 q - 2 scrolls of teleportation {unknown}
 u - a scroll of holy word {unknown}
 v - a scroll of amnesia {unknown}
 E - 2 scrolls of fear {unknown}
 J - a scroll of enchant armour {unknown}
Potions
 h - a potion of resistance {unknown}
 j - 14 potions of curing {unknown}
 k - 9 potions of degeneration {unknown}
 m - 2 potions of attraction {unknown}
 n - 7 potions of mutation
 o - 9 potions of heal wounds {unknown}
 w - 4 potions of flight {unknown}
 x - 3 potions of haste {unknown}
 z - 2 potions of experience {unknown}
 A - 6 potions of might
 H - 2 potions of magic {unknown}
 K - a potion of berserk rage {unknown}
 P - 2 potions of invisibility {unknown}
 U - 2 potions of cancellation {unknown}
 Z - 3 potions of brilliance {unknown}
Miscellaneous
 e - a piece from Xom's chessboard (15/15)
 f - a tin of tremorstones (2/2)
 C - a phial of floods
 O - a phantom mirror
 Q - a lightning rod (4/4)


   Skills:
 + Level 20.0 Fighting
 - Level 18.0 Axes
 + Level 18.1 Armour
 - Level 5.0 Dodging
 - Level 0.7 Stealth
 - Level 15.0 Shields
 - Level 11.0 Evocations


You had 17 spell levels left.
You didn't know any spells.
Your spell library was empty.

Dungeon Overview and Level Annotations

Branches:
Dungeon (15/15)            Temple (1/1) D:4            Lair (6/6) D:11
 Shoals (0/4) Lair:2        Snake (4/4) Lair:2        Slime (0/5) Lair:5
    Orc (2/2) D:12            Elf (0/3) Orc:2        Vaults (0/5) D:13
 Depths (0/5) D:15          IceCv (visited)         Volcano (visited)
Gauntlet (visited)

Altars:
Ashenzari
Cheibriados
Dithmenos
Elyvilon
Fedhas
Gozag
Hepliaklqana
Kikubaaqudgha
Makhleb
Nemelex Xobeh
Okawaru
Qazlal
Ru
Sif Muna
Trog
Uskayaw
Vehumet
Wu Jian
Xom
Yredelemnul
Zin
The Shining One
Beogh

Shops:
D:5 (   D:6 (   Orc:2 *([[

Annotations:
D:3 Sigmund
D:9 3 runed translucent doors, Datul's ghost, novice MiFi
Lair:1 3 runed translucent doors, SnakkuSnakku7's ghost, journeyman HuAM


Innate Abilities, Weirdness & Mutations

You have a pair of horns on your head.
You reflexively headbutt those who attack you in melee.


Message History

* * * LOW HITPOINT WARNING * * *
You feel extremely sick.
Items here: )) [ †.
You take 10 damage, and have 21/178 hp.
* * * LOW HITPOINT WARNING * * *
You feel extremely sick.
You take 9 damage, and have 12/178 hp.
Okay, then.
Unknown command.
A red film seems to cover your vision as you go berserk!
You feel yourself moving faster!
You feel mighty!
* * * LOW HITPOINT WARNING * * *
You feel extremely sick. The naga warrior spits poison at you.
You block the splash of poison.
You now have 13/267 hp.
You feel a strong urge to attack something.
Your attacks no longer feel as feeble.
* * * LOW HITPOINT WARNING * * *
You feel very sick.
You see here a +0 club.
You take 4 damage, and have 9/267 hp.
* * * LOW HITPOINT WARNING * * *
You feel very sick.
You see here a +0 halberd.
You take 2 damage, and have 7/267 hp.
You feel your anger nearly subside.
* * * LOW HITPOINT WARNING * * *
You feel very sick.
Things that are here:
a +0 long sword; a +0 robe You take 2 damage, and have 5/267 hp.
You are no longer berserk.
You are exhausted.
You feel yourself slow down.
* * * LOW HITPOINT WARNING * * *
You feel very sick.
Items here: )) [ †.
You now have 2/178 hp.
You die...

#.......####....##...#
##..............#..#...
##.............#.....)..
##..............####.####
#..............## ###
##..##........###
##..##........##
#...##...<..###
##..##.....@##
#...##....)##
#..##.....#)#
##..##....##)#####
#...##...###))##.#
#..##...###..##..#
#..##..## #.)#).##
##.....## #..N)##
#.....## #.#[))##


There were no monsters in sight!

Vanquished Creatures
  Asterion (Snake:1)
  Donald (Snake:2)
  3 nagarajas
  An orc warlord (Orc:2)
  Louise (Snake:3)
  3 frost giants (IceCv)
  A stone giant (Volcano)
  A quicksilver ooze (Gauntlet)
  A white draconian (IceCv)
  A minotaur (Gauntlet)
  An ettin (D:15)
  Snorg (Lair:5)
  Erolcha (D:9)
  Josephine (D:10)
  7 hydras
  5 boulder beetles
  5 salamander tyrants
  6 ice dragons (IceCv)
  18 naga warriors
  An ogre mage (D:15)
  4 ironbound frosthearts (IceCv)
  8 centaur warriors
  3 tengu warriors
  2 dancing weapons (D:13)
  A death knight (D:14)
  2 catoblepae
  9 anacondas
  3 hell hogs (Abyss:3)
  10 two-headed ogres
  11 death yaks
  2 orc high priests (Orc:2)
  8 naga sharpshooters
  2 shock serpents
  Sonja (D:10)
  2 wretched stars
  A hell knight (D:15)
  7 salamander mystics
  4 skeletal warriors (D:13)
  A flayed ghost (Abyss:3)
  8 naga ritualists
  4 wizards (D:13)
  An orange crystal statue (IceCv)
  A deep elf pyromancer (D:15)
  An orc knight (Orc:1)
  An orb spider (shapeshifter) (D:13)
  2 oklob plants
  14 ugly things
  5 mana vipers
  7 orc sorcerers
  3 manticores
  17 salamanders
  2 moths of wrath
  3 cyclopes
  14 elephants
  43 black mambas
  3 guardian serpents
  14 naga magi
  2 molten gargoyles (Volcano)
  2 orange demons (Gauntlet)
  15 cane toads
  3 gargoyles
  Maggie (D:8)
  A torpor snail (Lair:3)
  A smoke demon (Abyss:3)
  4 freezing wraiths
  13 rime drakes
  5 komodo dragons
  A tengu conjurer (D:15)
  2 efreet
  An ancient zyme (Abyss:3)
  3 meliai (D:15)
  10 polar bears
  3 trolls
  3 raiju (Abyss:3)
  6 hornets
  A wind drake (Lair:2)
  Prince Ribbit (D:6)
  5 slime creatures (D:14)
  11 dream sheep
  3 blink frogs (Lair:4)
  3 flying skulls (Gauntlet)
  A black mamba zombie (Abyss:3)
  A shadow (D:9)
  10 wraiths
  15 spriggans
  4 wyverns
  4 water elementals (D:13)
  55 yaks
  2 fire bats (Volcano)
  3 vampires
  A sky beast (D:6)
  6 basilisks
  2 fire elementals (Volcano)
  A chaos spawn (Abyss:3)
  A neqoxec (Gauntlet)
  3 steam dragons
  5 wargs
  45 nagas
  2 acid dragons
  20 water moccasins
  2 small abominations (Gauntlet)
  2 hell hounds (Lair:3)
  25 orc warriors
  8 black bears
  2 large abominations (Abyss:3)
  3 necrophages
  5 ogres
  28 wolves
  12 boggarts
  14 centaurs
  13 bullfrogs
  3 gnoll sergeants
  4 scorpions
  2 water moccasin zombies (D:5)
  A water moccasin skeleton (D:5)
  3 wights (D:10)
  25 killer bees
  A howler monkey (D:8)
  6 lava snakes (Volcano)
  A crimson imp (Abyss:3)
  A centaur zombie (D:8)
  2 bullfrog skeletons
  A bullfrog zombie (D:5)
  2 hounds (D:7)
  A gnoll shaman (D:8)
  19 orc priests
  6 iguanas
  31 orc wizards
  A hound zombie (D:5)
  A hound skeleton (D:4)
  A mummy (D:6)
  A howler monkey zombie (D:7)
  12 gnolls
  8 adders
  6 white imps
  An ufetubus (D:4)
  An adder skeleton (D:4)
  3 worms
  97 orcs
  7 ball pythons
  5 endoplasms
  6 giant cockroaches
  12 goblins
  10 hobgoblins
  7 jackals
  12 kobolds
  4 quokkas
  A bat (D:3)
  4 frilled lizards
  5 rats
  A butterfly (Lair:1)
  A fungus (Lair:3)
  3 starspawn tentacles (Abyss:3)
998 creatures vanquished.

Vanquished Creatures (collateral kills)
  Jorgrun (Snake:3)
  A tentacled starspawn (Abyss:3)
  The ghost of Treizu the Destroyer, a journeyman DrCj of Qazlal (Lair:5)
  A rakshasa (Abyss:3)
  An ice dragon (IceCv)
  An ironbound frostheart (IceCv)
  A wizard (D:15)
  4 ugly things
  A rime drake (IceCv)
  A hornet (Lair:5)
  2 polar bears (IceCv)
  3 spriggans (Lair:5)
  A hornet zombie (D:6)
  A centaur skeleton (D:6)
  3 adders (D:6)
23 creatures vanquished.

Vanquished Creatures (others)
  3 wizards (D:13)
  A polar bear (IceCv)
  A scorpion (D:6)
  25 fungi
  83 plants
  2 starspawn tentacles (Abyss:3)
115 creatures vanquished.

Grand Total: 1136 creatures vanquished

Notes
Turn   | Place    | Note
-------+----------+-------------------------------------------
     0 | D:1      | gimp the Minotaur Artificer began the quest for the Orb.
     0 | D:1      | Reached XP level 1. HP: 16/16 MP: 0/0
   572 | D:1      | Reached skill level 2 in Fighting
   572 | D:1      | Reached XP level 2. HP: 18/24 MP: 1/1
  1271 | D:2      | Reached XP level 3. HP: 25/30 MP: 2/2
  1467 | D:2      | Reached skill level 3 in Fighting
  1603 | D:2      | Noticed a necrophage
  1624 | D:2      | Killed a necrophage
  1625 | D:2      | Reached skill level 4 in Fighting
  1625 | D:2      | Reached XP level 4. HP: 34/40 MP: 3/3
  1625 | D:2      | Reached XP level 5. HP: 39/46 MP: 4/4
  1830 | D:2      | Found an ancient bone altar of Kikubaaqudgha.
  2175 | D:3      | Reached skill level 5 in Armour
  2492 | D:3      | Noticed Sigmund
  2715 | D:3      | You fall into a shaft and drop 3 floors!
  2722 | D:6      | Noticed a black bear
  2759 | D:6      | Killed a black bear
  2760 | D:6      | Reached skill level 5 in Fighting
  2760 | D:6      | Reached XP level 6. HP: 41/56 MP: 5/5
  2768 | D:6      | Noticed Prince Ribbit
  2770 | D:6      | Noticed a sky beast
  2837 | D:6      | Reached skill level 1 in Shields
  2891 | D:6      | Killed a sky beast
  2892 | D:6      | Reached XP level 7. HP: 25/62 MP: 6/6
  3134 | D:6      | Reached skill level 6 in Fighting
  3257 | D:6      | Killed Prince Ribbit
  3258 | D:6      | Reached skill level 5 in Axes
  3274 | D:6      | Reached XP level 8. HP: 21/71 MP: 7/7
  3288 | D:6      | Identified the +8 whip of Honour {holy, rF- rCorr Int+4
                  | Dex+2}
  3489 | D:5      | Entered Level 5 of the Dungeon
  3706 | D:4      | Found a staircase to the Ecumenical Temple.
  3713 | Temple   | Entered the Ecumenical Temple
  3793 | Temple   | Became a worshipper of Trog the Wrathful
  4409 | D:4      | Reached * piety under Trog
  4723 | D:4      | Found a shimmering blue altar of Sif Muna.
  4749 | D:4      | Reached ** piety under Trog
  4975 | D:5      | Reached skill level 7 in Fighting
  5101 | D:5      | Found Xuraadoh's Antique Weapon Shop.
  5567 | D:5      | Reached XP level 9. HP: 77/80 MP: 8/8
  5713 | D:5      | Reached skill level 8 in Fighting
  6085 | D:6      | Found Becaophy's Antique Weapon Emporium.
  7335 | D:8      | Reached skill level 10 in Axes
  7489 | D:8      | Reached *** piety under Trog
  7490 | D:8      | Reached skill level 9 in Fighting
  7886 | D:8      | Reached XP level 10. HP: 91/91 MP: 9/9
  8426 | D:9      | Noticed Erolcha
  8427 | D:9      | Noticed Maggie
  8624 | D:8      | Killed Maggie
  8762 | D:9      | Killed Erolcha
  9123 | D:9      | Noticed a two-headed ogre
  9128 | D:9      | Killed a two-headed ogre
  9129 | D:9      | Reached skill level 10 in Fighting
  9129 | D:9      | Reached skill level 10 in Armour
  9461 | D:9      | Noticed a two-headed ogre
  9470 | D:9      | Killed a two-headed ogre
  9777 | D:9      | Noticed a boulder beetle
  9782 | D:9      | Reached XP level 11. HP: 101/101 MP: 10/10
  9791 | D:9      | Killed a boulder beetle
  9971 | D:9      | Found a runed translucent gate.
  9971 | D:9      | Found a runed translucent gate.
  9977 | D:9      | Found a runed translucent gate.
  9980 | D:9      | Noticed Datul's ghost (novice MiFi)
 10294 | D:10     | Entered Level 10 of the Dungeon
 10436 | D:10     | Identified the +0 leather armour of Oblivion {rC- Regen+
                  | SInv}
 10441 | D:10     | Reached skill level 11 in Fighting
 10449 | D:10     | Reached **** piety under Trog
 10607 | D:10     | Noticed Sonja
 10623 | D:10     | Killed Sonja
 10864 | D:10     | Noticed Josephine
 10884 | D:10     | Killed Josephine
 10885 | D:10     | Reached skill level 5 in Dodging
 11206 | D:11     | Reached skill level 15 in Axes
 11361 | D:11     | Noticed a two-headed ogre
 11366 | D:11     | Killed a two-headed ogre
 11555 | D:11     | Found a staircase to the Lair.
 12106 | D:12     | Noticed a green ugly thing
 12114 | D:12     | Killed a green ugly thing
 12115 | D:12     | Reached XP level 12. HP: 110/110 MP: 11/11
 12250 | D:12     | Noticed a boulder beetle
 12279 | D:12     | Killed a boulder beetle
 12296 | D:12     | Noticed a two-headed ogre
 12301 | D:12     | Killed a two-headed ogre
 12530 | D:12     | Found a staircase to the Orcish Mines.
 12724 | D:12     | Found a flagged portal.
 12732 | D:12     | Identified the +9 spear "Ultimatum" {freeze, rF+ Str+2
                  | Dex-2}
 12965 | Orc:1    | Entered Level 1 of the Orcish Mines
 13124 | Orc:2    | Entered Level 2 of the Orcish Mines
 13134 | Orc:2    | Reached ***** piety under Trog
 13680 | Orc:2    | Noticed a two-headed ogre
 13691 | Orc:2    | Killed a two-headed ogre
 13906 | Orc:2    | Found a staircase to the Elven Halls.
 14072 | Orc:2    | Found Noakahov's Armour Shoppe.
 14238 | Orc:2    | Paralysed by an orc sorcerer for 4 turns
 14394 | Orc:2    | Found Coetimu's Assorted Antiques.
 14417 | Orc:2    | Received a gift from Trog
 14502 | Orc:2    | Noticed an orc warlord
 14505 | Orc:2    | Noticed an orc high priest
 14701 | Orc:2    | Noticed an orc high priest
 14731 | Orc:2    | Killed an orc high priest
 15043 | Orc:2    | Killed an orc high priest
 15044 | Orc:2    | Reached skill level 12 in Fighting
 15193 | Orc:2    | Killed an orc warlord
 15194 | Orc:2    | Reached XP level 13. HP: 116/119 MP: 12/12
 15383 | Orc:2    | Found Begogeni's Antique Armour Emporium.
 15392 | Orc:2    | Found Pytesiabo's Antique Weapon Shoppe.
 15616 | Orc:2    | Bought a +2 pair of boots of rampaging for 365 gold pieces
 15616 | Orc:2    | Bought a +0 tower shield for 76 gold pieces
 15790 | D:13     | You fall into a shaft and drop 2 floors!
 15790 | D:15     | Entered Level 15 of the Dungeon
 15885 | D:15     | Reached skill level 5 in Shields
 15949 | D:15     | Reached skill level 13 in Fighting
 15969 | D:15     | Noticed an ettin
 16140 | D:15     | Killed an ettin
 16171 | D:15     | Found a frozen archway.
 16189 | IceCv    | Entered an ice cave
 16444 | IceCv    | Noticed a white draconian
 16452 | IceCv    | Killed a white draconian
 16739 | IceCv    | Reached skill level 10 in Shields
 16878 | IceCv    | Reached XP level 14. HP: 130/130 MP: 13/13
 16890 | IceCv    | Reached skill level 14 in Fighting
 17051 | IceCv    | Noticed a frost giant
 17051 | IceCv    | Noticed a frost giant
 17051 | IceCv    | Noticed a frost giant
 17060 | IceCv    | Killed a frost giant
 17073 | IceCv    | Killed a frost giant
 17084 | IceCv    | Killed a frost giant
 17757 | D:13     | Found a gate to the Vaults.
 17925 | D:13     | Reached skill level 15 in Fighting
 18294 | D:13     | Identified the +3 war axe of Xuhe {vorpal, rPois rF+ Str+2}
                  | (Trog gifted it to you on level 13 of the Dungeon)
 18294 | D:13     | Received a gift from Trog
 18322 | D:13     | Cast into level 3 of the Abyss (a wizard)
 18381 | Abyss:3  | Noticed a tentacled starspawn
 18390 | Abyss:3  | Killed a tentacled starspawn
 18475 | Abyss:3  | Noticed a starcursed mass
 18489 | D:13     | Escaped the Abyss
 18494 | D:13     | Reached XP level 15. HP: 69/141 MP: 14/14
 18961 | D:14     | Found the +8 mithril axe "Arga" {speed, Will+}
 20122 | D:15     | Found a staircase to the Depths.
 20235 | D:15     | Reached skill level 15 in Shields
 20393 | D:15     | Reached skill level 16 in Fighting
 21010 | Lair:1   | Entered Level 1 of the Lair of Beasts
 21307 | Lair:1   | Found a runed translucent gate.
 21768 | Lair:1   | Found a runed translucent gate.
 21769 | Lair:1   | Found a runed translucent gate.
 21771 | Lair:1   | Noticed SnakkuSnakku7's ghost (journeyman HuAM)
 21955 | Lair:2   | Found a staircase to the Snake Pit.
 22039 | Lair:2   | Found a staircase to the Shoals.
 22161 | Lair:2   | Found a snail-covered altar of Cheibriados.
 22194 | Lair:2   | Found a gate leading to a gauntlet.
 22203 | Gauntlet | Entered a Gauntlet
 22203 | Gauntlet | Found a transporter.
 22215 | Gauntlet | Found a transporter.
 22215 | Gauntlet | Found a transporter.
 22216 | Gauntlet | Found a transporter.
 22224 | Gauntlet | Found a transporter.
 22227 | Gauntlet | Found a transporter.
 22228 | Gauntlet | Found a transporter.
 22240 | Gauntlet | Found a transporter.
 22241 | Gauntlet | Found a transporter.
 22245 | Gauntlet | Found a transporter.
 22253 | Gauntlet | Found a transporter.
 22254 | Gauntlet | Found a transporter.
 22254 | Gauntlet | Found a transporter.
 22258 | Gauntlet | Found a runed translucent door.
 22258 | Gauntlet | Found a runed translucent door.
 22262 | Gauntlet | Found a transporter.
 22379 | Gauntlet | Found a runed translucent door.
 22511 | Gauntlet | Identified the ring of Qazlal's Esteem {rF+++ AC+4 Str+4
                  | Int-2}
 22781 | Lair:2   | Reached skill level 5 in Evocations
 23169 | Lair:3   | Received a gift from Trog
 23220 | Lair:3   | Found a dark tunnel.
 23277 | Volcano  | Entered a volcano
 23526 | Volcano  | Found a radiant altar of Vehumet.
 23798 | Lair:3   | Reached skill level 17 in Fighting
 24160 | Lair:3   | Found the +7 Kryia's mail coat {PotionHeal*2 rC+}
 24165 | Lair:3   | Reached XP level 16. HP: 155/155 MP: 15/15
 24466 | Lair:4   | Reached ****** piety under Trog
 25531 | Lair:5   | Noticed Snorg
 25540 | Lair:5   | Killed Snorg
 25849 | Lair:5   | Found a runed translucent door.
 25851 | Lair:5   | Noticed Treizu's ghost (journeyman DrCj)
 25852 | Lair:5   | Identified the +2 trident of Defilement {vorpal, +Blink
                  | rCorr Dex-2}
 25923 | Lair:5   | Found a staircase to the Slime Pits.
 26245 | Lair:5   | Identified the +0 robe "Dupruocy" {+Blink Will+}
 26370 | Lair:5   | Killed Treizu's ghost
 26371 | Lair:5   | Reached skill level 15 in Armour
 26380 | Lair:5   | Received a gift from Trog
 26415 | Lair:6   | Entered Level 6 of the Lair of Beasts
 26886 | Lair:6   | Reached skill level 18 in Fighting
 26892 | Lair:6   | Received a gift from Trog
 27586 | Snake:1  | Entered Level 1 of the Snake Pit
 28239 | Snake:1  | Reached XP level 17. HP: 163/166 MP: 16/16
 28502 | Snake:1  | Noticed Asterion
 28524 | Snake:1  | Killed Asterion
 29018 | Snake:2  | Received a gift from Trog
 29028 | Snake:2  | Noticed Donald
 29051 | Snake:2  | Killed Donald
 29378 | Snake:2  | Reached skill level 19 in Fighting
 29502 | Snake:2  | Reached skill level 10 in Evocations
 29744 | Snake:3  | Noticed Louise
 29773 | Snake:3  | Killed Louise
 29918 | Snake:3  | Noticed Jorgrun
 29930 | Snake:3  | Killed Jorgrun
 30199 | Snake:4  | Entered Level 4 of the Snake Pit
 30386 | Snake:4  | Found a bloodstained altar of Trog.
 30882 | Snake:4  | Reached XP level 18. HP: 108/178 MP: 17/17
 31654 | Snake:4  | Reached skill level 20 in Fighting
 31756 | Snake:4  | HP: 13/267 [poisoned by a naga ritualist (toxic radiance)]
 31759 | Snake:4  | HP: 5/267 [poisoned by a naga ritualist (toxic radiance)]
 31760 | Snake:4  | HP: 2/178 [poisoned by a naga ritualist (toxic radiance)]
 31761 | Snake:4  | Succumbed to a naga ritualist's toxic radiance

Illustrated notes

Levels and vault maps discovered:
D:1:      lemuel_arrival_broad_hall, layout_rooms, serial_glass,
          glass_columns_c, glass_columns_a, glass_columns_b, glass_columns_a,
          glass_columns_b, glass_columns_c
D:2:      layout_basic, basic_altar, serial_rivers,
          chequers_serial_rivers_small_b, chequers_serial_rivers_micro_b,
          chequers_serial_rivers_micro_e, chequers_serial_rivers_large_b,
          chequers_serial_rivers_small_b, chequers_serial_rivers_micro_b
D:3:      layout_rooms, uniq_sigmund
D:4:      corexii_shack_village, layout_basic, lemuel_doored_altar,
          minmay_temple_entry_junction_2, st_stairs_11
D:5:      layout_basic, serial_shops, shop_statue, minmay_joined_circles
D:6:      layout_rooms, gup_ossuary_entry_pyramid, serial_shops, shop,
          grunt_tough_drop, uniq_prince_ribbit1
D:7:      layout_rooms, serial_bayou_pond_a
D:8:      layout_loops_ring
D:9:      layout_gridville, biasface_ghost_orc_armoury, minmay_bent,
          uniq_erolcha, uniq_maggie
D:10:     layout_rooms, amcnicky_mini_rare_corridor_liquid,
          chequers_serial_rivers_small_b, uniq_josephine, uniq_sonja
D:11:     layout_rooms, lair_entry_dummy, nooodl_orcs_dogs
D:12:     layout_loops_ring, david_orc_2, serial_glass, glass_columns_b,
          glass_columns_c, enter_bailey_2
D:13:     minmay_wizard_corner, layout_cave_pools, erik_vaults_1,
          nicolae_underground_beach
D:14:     layout_loops_ring, chequers_serial_rivers_small_3
D:15:     hangedman_depths_entry_civil_slaughter, layout_loops_corners,
          minmay_misc_feat_columns, portal_ice_cave_entry_ugly_swarm
Temple:   grunt_wide_crystal_templ
Lair:1:   layout_cave_pods, gammafunk_ghost_necromancy, lemuel_fruit_fields,
          grunt_megastairs_3
Lair:2:   wad_woods_stonehenge, layout_chaotic_city, minmay_shoals_entry_beasts,
          minmay_snake_entry_guardpost_small, gauntlet_entry_generic,
          beast_lair_carwin_11
Lair:3:   layout_loops_ring, enter_volcano_3
Lair:4:   layout_cave_pods, columned_hall_lemuel, infiniplex_staircase_pool
Lair:5:   layout_layer_cave, minmay_slime_entry_oklob_enclosed,
          ebering_ghost_funeral_grove, uniq_snorg
Lair:6:   minmay_lair_end_enchanted_forest, layout_gridlike, minivault_24
Snake:1:  cheibrodos_snake_lava_hold, layout_basic, serial_bayou_shore_b,
          uniq_asterion
Snake:2:  layout_grid_maze, uniq_donald
Snake:3:  layout_onion_interference, statue_in_the_mist_lemuel, uniq_louise,
          uniq_jorgrun
Snake:4:  snake_pit, layout_onion_interference, basic_altar
Orc:1:    layout_caves
Orc:2:    grunt_orc_community_town_hall, layout_caves,
          grunt_orc_community_big_house_1, grunt_orc_community_big_house_2,
          grunt_orc_community_house_1, grunt_orc_community_house_3,
          grunt_orc_community_house_3, grunt_orc_community_house_3,
          grunt_orc_community_house_2, grunt_orc_community_house_3,
          nicolae_orc_lost_temple

Skill      XL: |  1  2  3  4  5  6  7  8  9 10 11 12 13 14 15 16 17 18 |
---------------+-------------------------------------------------------+-----
Fighting       | 2 4 5 6 7 9 10 11 12 13 15 17 18 19 20 | 20.0
Armour         | 3 4 5 6 7 9 10 12 13 14 16 17 18 | 18.1
Axes           | 2 3 5 8 10 12 16 18 | 18.0
Shields        | 1 3 4 10 14 15 | 15.0
Dodging        | 3 5 |  5.0
Evocations     | 5 8 10 11 | 11.0
Stealth        | |  0.7

Action                   |  1- 3 |  4- 6 |  7- 9 | 10-12 | 13-15 | 16-18 || total
-------------------------+-------+-------+-------+-------+-------+-------++-------
Melee: Club              |    28 |       |       |       |       |       ||    28
       Headbutt          |    20 |    15 |   113 |   137 |   264 |   302 ||   851
       Whip              |    60 |    44 |       |       |       |       ||   104
       Short sword       |     9 |       |       |       |       |       ||     9
       Hand axe          |       |    50 |   481 |       |       |       ||   531
       War axe           |       |       |     4 |   422 |   444 |       ||   870
       Broad axe         |       |       |       |   116 |   463 |  1259 ||  1838
       Scimitar          |       |       |       |       |    17 |     3 ||    20
Throw: Dart              |       |     6 |       |       |       |       ||     6
Invok: Berserk           |       |       |     7 |    14 |    16 |     6 ||    43
       Trog's Hand       |       |       |     1 |     6 |    14 |     9 ||    30
       Brothers in Arms  |       |       |       |       |     6 |     2 ||     8
Evoke: Wand              |     2 |     7 |     4 |     3 |     2 |       ||    18
       Piece from Xom's  |       |     7 |     2 |     6 |     3 |       ||    18
       Phantom mirror    |       |       |       |     1 |     1 |       ||     2
       Lightning rod     |       |       |       |       |     4 |       ||     4
       Tin of tremorston |       |       |       |       |     1 |       ||     1
 Stab: Sleeping          |     1 |       |       |       |     1 |       ||     2
       Petrified         |       |     1 |     6 |       |       |       ||     7
       Confused          |       |     1 |       |       |       |       ||     1
       Paralysed         |       |       |       |     5 |       |       ||     5
       Distracted        |       |       |       |       |     2 |       ||     2
Armor: Leather armour    |    20 |       |       |       |       |       ||    20
       Chain mail        |    12 |    59 |   210 |    74 |   117 |   239 ||   711
       Scale mail        |       |       |       |    74 |    53 |       ||   127
       Ice dragon scales |       |       |       |       |    25 |       ||    25
Dodge: Dodged            |    50 |    52 |   235 |   276 |   196 |   256 ||  1065
Block: Buckler           |       |     5 |    95 |   148 |     3 |       ||   251
       Kite shield       |       |       |       |       |   522 |   498 ||  1020
       Tower shield      |       |       |       |       |    61 |       ||    61
       Reflection        |       |       |       |       |    37 |       ||    37
       Rpst.: Scimitar   |       |       |       |       |     1 |       ||     1
